NCAA
BAYLOR BEARS @ OKLAHOMA STATE COWBOYS
04/14/2060
 
TOP OF THE 1ST
Texas Longhorns batting - Pitching for Oklahoma State Cowboys : RHP Tom Jones
Pitching: RHP Tom Jones
Batting: RHB Jim Hamling 0-0: Ball
1-0: Ball
2-0: Ball
3-0: Called Strike
3-1: SINGLE (Line Drive, 8RS, EV 94.4 MPH)
Batting: LHB Trevon Morgan 0-0: Ball
Jim Hamling is caught stealing 2nd base 2-6
1-0: Called Strike
1-1: SINGLE (Groundball, 3D, EV 100.0 MPH)
Batting: RHB Cordell Fortunato 0-0: Ball
1-0: Called Strike
1-1: DOUBLE (Line Drive, 89XD, EV 106.9 MPH)
Trevon Morgan to third
Batting: LHB Evan Kessinger 0-0: Ground out 6-3 (Groundball, 6, EV 83.8 MPH)
Trevon Morgan scores
Batting: RHB Eli Francis 0-0: Ball
1-0: Ground out 5-3 (Groundball, 56, EV 104.4 MPH)
Top of the 1st over - 1 run, 3 hits, 0 errors, 1 left on base; Texas 1 - Oklahoma State 0
BOTTOM OF THE 1ST
Oklahoma State Cowboys batting - Pitching for Texas Longhorns : RHP Nik Antonides
Pitching: RHP Nik Antonides
Batting: RHB Roscoe Carroll 0-0: Ball
1-0: Called Strike
1-1: Ball
2-1: Ball
3-1: Swinging Strike
3-2: Strikes out swinging
Batting: LHB Hunter Gehringer 0-0: Ball
1-0: Ball
2-0: Called Strike
2-1: TRIPLE (Flyball, 8RXD, EV 105.6 MPH)
Batting: LHB Andy O'Bryan 0-0: SINGLE (Groundball, 5L, EV 102.5 MPH) (infield hit)
Hunter Gehringer scores
Batting: LHB Al Damiani 0-0: Ball
1-0: Foul Ball, location: 2F
1-1: Ball
2-1: Swinging Strike
2-2: Strikes out swinging
Batting: LHB Tyrone Beil 0-0: Ball
Andy O'Bryan is caught stealing 2nd base 2-6
Bottom of the 1st over - 1 run, 2 hits, 0 errors, 0 left on base; Texas 1 - Oklahoma State 1
TOP OF THE 2ND
Texas Longhorns batting - Pitching for Oklahoma State Cowboys : RHP Tom Jones
Batting: LHB Grant Weaver 0-0: Foul Ball, location: 2F
0-1: Fly out, F8 (Flyball, 89M, EV 91.9 MPH)
Batting: RHB Mason Smith 0-0: Called Strike
0-1: Ball
1-1: Swinging Strike
1-2: DOUBLE (Line Drive, 89D, EV 104.4 MPH)
Batting: LHB Moe Waybright 0-0: Fly out, F8 (Line Drive, 89D, EV 92.5 MPH)
Batting: RHB Kyle Joaquim 0-0: Ball
1-0: Ball
2-0: Called Strike
2-1: Swinging Strike
2-2: Ball
3-2: Strikes out swinging
Top of the 2nd over - 0 runs, 1 hit, 0 errors, 1 left on base; Texas 1 - Oklahoma State 1
BOTTOM OF THE 2ND
Oklahoma State Cowboys batting - Pitching for Texas Longhorns : RHP Nik Antonides
Batting: LHB Tyrone Beil 0-0: Foul Ball, location: 2F
0-1: Swinging Strike
0-2: Foul Ball, location: 2F
0-2: Ball
1-2: Ball
2-2: Foul Ball, location: 2F
2-2: Strikes out swinging
Batting: LHB Calvin Hardman 0-0: Ball
1-0: Swinging Strike
1-1: Ball
2-1: Foul Ball, location: 2F
2-2: Strikes out swinging
Batting: RHB Mark Decoste 0-0: DOUBLE (Line Drive, 5D, EV 94.4 MPH)
Batting: LHB Bernard Minser 0-0: 2-RUN HOME RUN (Flyball, 89XD, EV 106.9 MPH), Distance : 430 ft
Batting: RHB Korbin Gonzales 0-0: Ball
1-0: Foul Ball, location: 2F
1-1: Swinging Strike
1-2: Ball
2-2: Fly out, F9 (Flyball, 89S, EV 80.6 MPH)
Bottom of the 2nd over - 2 runs, 2 hits, 0 errors, 0 left on base; Texas 1 - Oklahoma State 3
TOP OF THE 3RD
Texas Longhorns batting - Pitching for Oklahoma State Cowboys : RHP Tom Jones
Batting: RHB Jim Hamling 0-0: Called Strike
0-1: Ball
1-1: Ball
2-1: Ground out 4-3 (Groundball, 4M, EV 106.2 MPH)
Batting: LHB Trevon Morgan 0-0: Ground out 4-3 (Groundball, 4, EV 105.6 MPH)
Batting: RHB Cordell Fortunato 0-0: Fly out, F4 (Popup, 4M, EV 71.9 MPH)
Top of the 3rd over - 0 runs, 0 hits, 0 errors, 0 left on base; Texas 1 - Oklahoma State 3
BOTTOM OF THE 3RD
Oklahoma State Cowboys batting - Pitching for Texas Longhorns : RHP Nik Antonides
Batting: RHB Roscoe Carroll 0-0: Ball
1-0: Ball
2-0: Ball
3-0: Called Strike
3-1: Foul Ball, location: 2F
3-2: Fly out, F7 (Flyball, 78M, EV 75.6 MPH)
Batting: LHB Hunter Gehringer 0-0: Ball
1-0: Foul Ball, location: 2F
1-1: Foul Ball, location: 2F
1-2: Ball
2-2: TRIPLE (Line Drive, 89XD, EV 111.2 MPH)
Batting: LHB Andy O'Bryan 0-0: Called Strike
0-1: Ball
1-1: DOUBLE (Line Drive, 7LS, EV 90.6 MPH)
Hunter Gehringer scores
Batting: LHB Al Damiani 0-0: Ball
1-0: Ball
2-0: Called Strike
2-1: Fly out, F8 (Line Drive, 8RD, EV 86.9 MPH)
Batting: LHB Tyrone Beil 0-0: Ball
1-0: Ground out 4-3 (Groundball, 4, EV 88.1 MPH)
Bottom of the 3rd over - 1 run, 2 hits, 0 errors, 1 left on base; Texas 1 - Oklahoma State 4
TOP OF THE 4TH
Texas Longhorns batting - Pitching for Oklahoma State Cowboys : RHP Tom Jones
Batting: LHB Evan Kessinger 0-0: Foul Ball, location: 2F
0-1: Foul Ball, location: 2F
0-2: Strikes out swinging
Batting: RHB Eli Francis 0-0: Ball
1-0: Called Strike
1-1: Ball
2-1: Ball
3-1: Fly out, F9 (Line Drive, 9S, EV 93.1 MPH)
Batting: LHB Grant Weaver 0-0: Swinging Strike
0-1: Foul Ball, location: 2F
0-2: Strikes out swinging
Top of the 4th over - 0 runs, 0 hits, 0 errors, 0 left on base; Texas 1 - Oklahoma State 4
BOTTOM OF THE 4TH
Oklahoma State Cowboys batting - Pitching for Texas Longhorns : RHP Nik Antonides
Batting: LHB Calvin Hardman 0-0: SINGLE (Line Drive, 8RS, EV 95.0 MPH)
Batting: RHB Mark Decoste 0-0: Called Strike
0-1: Foul Ball, location: 2F
0-2: Fly out, F8 (Flyball, 8LD, EV 89.4 MPH)
Batting: LHB Bernard Minser 0-0: Ball
1-0: Foul Ball, location: 2F
1-1: Ball
2-1: TRIPLE (Line Drive, 89XD, EV 108.8 MPH)
Calvin Hardman scores
Pitching: RHP Chase Asplen
Batting: RHB Korbin Gonzales 0-0: Called Strike
0-1: Ball
1-1: Ball
Wild Pitch!
Bernard Minser scores
2-1: Ball
3-1: Called Strike
3-2: Base on Balls
Batting: RHB Roscoe Carroll 0-0: Ball
1-0: Ball
2-0: Ball
3-0: Base on Balls
Korbin Gonzales to second
Batting: LHB Hunter Gehringer 0-0: Ball
1-0: 3-RUN HOME RUN (Flyball, 9D, EV 97.5 MPH), Distance : 371 ft
Batting: LHB Andy O'Bryan 0-0: Ball
1-0: Foul Ball, location: 2F
1-1: Called Strike
1-2: Ball
2-2: Fly out, F9 (Line Drive, 9, EV 92.5 MPH)
Batting: LHB Al Damiani 0-0: Ball
1-0: Ball
2-0: Ball
3-0: Called Strike
3-1: Fly out, F6 (Popup, 6, EV 52.5 MPH)
Bottom of the 4th over - 5 runs, 3 hits, 0 errors, 0 left on base; Texas 1 - Oklahoma State 9
TOP OF THE 5TH
Texas Longhorns batting - Pitching for Oklahoma State Cowboys : RHP Tom Jones
Batting: RHB Mason Smith 0-0: SINGLE (Groundball, 56S, EV 70.0 MPH) (infield hit)
Batting: LHB Moe Waybright 0-0: Called Strike
0-1: SINGLE (Line Drive, 8LS, EV 95.6 MPH)
Mason Smith to second
Batting: RHB Kyle Joaquim 0-0: SINGLE (Groundball, 34D, EV 106.9 MPH)
Mason Smith to third
Moe Waybright to second
Throwing error, E9
Mason Smith scores
Moe Waybright to third
Kyle Joaquim to second
Batting: RHB Jim Hamling 0-0: Called Strike
0-1: Ball
1-1: Foul Ball, location: 2F
1-2: Foul Ball, location: 2F
1-2: Foul Ball, location: 2F
1-2: Ball
2-2: Ground out 6-3 (Groundball, 6, EV 79.4 MPH)
Moe Waybright scores
Batting: LHB Trevon Morgan 0-0: Fly out, F9 (Flyball, 9, EV 85.6 MPH)
Batting: RHB Cordell Fortunato 0-0: Ground out 5-3 (Groundball, 56S, EV 84.4 MPH)
Top of the 5th over - 2 runs, 3 hits, 1 error, 1 left on base; Texas 3 - Oklahoma State 9
BOTTOM OF THE 5TH
Oklahoma State Cowboys batting - Pitching for Texas Longhorns : RHP Chase Asplen
Batting: LHB Tyrone Beil 0-0: Ball
1-0: Swinging Strike
1-1: Called Strike
1-2: Foul Ball, location: 2F
1-2: Ball
2-2: Strikes out swinging
Batting: LHB Calvin Hardman 0-0: Ball
1-0: Ball
2-0: Fly out, F7 (Flyball, 7, EV 95.6 MPH)
Batting: RHB Mark Decoste 0-0: Ball
1-0: Foul Ball, location: 2F
1-1: Ball
2-1: Swinging Strike
2-2: Strikes out swinging
Bottom of the 5th over - 0 runs, 0 hits, 0 errors, 0 left on base; Texas 3 - Oklahoma State 9
TOP OF THE 6TH
Texas Longhorns batting - Pitching for Oklahoma State Cowboys : RHP Tom Jones
Batting: LHB Evan Kessinger 0-0: Ball
1-0: DOUBLE (Line Drive, 3D, EV 96.9 MPH)
Batting: RHB Eli Francis 0-0: Ball
1-0: Ball
2-0: Ball
3-0: Called Strike
3-1: Called Strike
3-2: Foul Ball, location: 2F
3-2: TRIPLE (Flyball, 89XD, EV 105.6 MPH)
Evan Kessinger scores
Batting: LHB Grant Weaver 0-0: Called Strike
0-1: Ball
1-1: Ball
2-1: Called Strike
2-2: Foul Ball, location: 2F
2-2: Ball
3-2: Base on Balls
Batting: RHB Mason Smith 0-0: Called Strike
0-1: Ball
1-1: Swinging Strike
1-2: Grounds into double play, 6-4-3 (Groundball, 6, EV 105.6 MPH)
Eli Francis scores
Batting: LHB Moe Waybright 0-0: Ball
1-0: Ball
2-0: Called Strike
2-1: Ball
3-1: Base on Balls
Pitching: RHP Johnny Domingue
Batting: RHB Kyle Joaquim 0-0: Called Strike
0-1: Foul Ball, location: 2F
0-2: Hit by Pitch
Moe Waybright to second
Batting: RHB Jim Hamling 0-0: Called Strike
0-1: Fielders Choice at 2nd, 5-4 (Groundball, 56, EV 86.2 MPH)
Top of the 6th over - 2 runs, 2 hits, 0 errors, 2 left on base; Texas 5 - Oklahoma State 9
BOTTOM OF THE 6TH
Oklahoma State Cowboys batting - Pitching for Texas Longhorns : RHP Chase Asplen
Pitching: RHP Nathan Pope
Batting: LHB Bernard Minser 0-0: Foul Ball, location: 2F
0-1: Foul Ball, location: 2F
0-2: DOUBLE (Line Drive, 78XD, EV 98.8 MPH)
Batting: RHB Korbin Gonzales 0-0: Ball
1-0: Swinging Strike
1-1: Ball
2-1: Ball
3-1: Foul Ball, location: 2F
3-2: Base on Balls
Batting: RHB Roscoe Carroll 0-0: Ball
1-0: Swinging Strike
1-1: Foul Ball, location: 2F
1-2: Fielders Choice at 2nd, 4-6 (Groundball, 4, EV 81.2 MPH)
Bernard Minser to third
Batting: LHB Hunter Gehringer 0-0: Foul Ball, location: 2F
0-1: Ball
Roscoe Carroll steals 2nd base
1-1: Ball
2-1: TRIPLE (Line Drive, 8RXD, EV 107.5 MPH)
Bernard Minser scores
Roscoe Carroll scores
Batting: LHB Andy O'Bryan 0-0: Ball
1-0: Fly out, F8 (Flyball, 89D, EV 85.0 MPH)
Runner from 3rd tags up, SCORES, throw by CF
Batting: LHB Al Damiani 0-0: Ball
1-0: Called Strike
1-1: Swinging Strike
1-2: Ball
2-2: Foul Ball, location: 2F
2-2: Foul Ball, location: 2F
2-2: Foul Ball, location: 2F
2-2: Ball
3-2: Foul Ball, location: 2F
3-2: Foul Ball, location: 2F
3-2: Base on Balls
Batting: LHB Tyrone Beil 0-0: Ball
1-0: Called Strike
1-1: Foul Ball, location: 2F
1-2: Foul Ball, location: 2F
1-2: Ball
2-2: Fly out, F9 (Flyball, 89S, EV 80.6 MPH)
Bottom of the 6th over - 3 runs, 2 hits, 0 errors, 1 left on base; Texas 5 - Oklahoma State 12
TOP OF THE 7TH
Texas Longhorns batting - Pitching for Oklahoma State Cowboys : RHP Johnny Domingue
Batting: LHB Trevon Morgan 0-0: Ground out 4-3 (Groundball, 34D, EV 85.6 MPH)
Batting: RHB Cordell Fortunato 0-0: Ball
1-0: Called Strike
1-1: Ground out 3-1 (Groundball, 13, EV 87.5 MPH)
Batting: LHB Evan Kessinger 0-0: Foul Ball, location: 2F
0-1: Ball
1-1: Ball
2-1: Foul Ball, location: 2F
2-2: Strikes out swinging
Top of the 7th over - 0 runs, 0 hits, 0 errors, 0 left on base; Texas 5 - Oklahoma State 12
BOTTOM OF THE 7TH
Oklahoma State Cowboys batting - Pitching for Texas Longhorns : RHP Nathan Pope
Batting: LHB Calvin Hardman 0-0: Ball
1-0: Ball
2-0: Ball
3-0: Base on Balls
Batting: RHB Mark Decoste 0-0: Called Strike
0-1: Ball
Wild Pitch!
Calvin Hardman to second
1-1: Ground out U3 (Groundball, 34, EV 85.0 MPH)
Calvin Hardman to third
Pitching: RHP Seneca Pao
Batting: LHB Bernard Minser 0-0: Ball
1-0: Ball
2-0: Foul Ball, location: 2F
2-1: SINGLE (Groundball, 4S, EV 70.0 MPH) (infield hit)
Calvin Hardman scores
Batting: RHB Korbin Gonzales 0-0: Called Strike
0-1: Ball
1-1: Ball
2-1: Ball
3-1: Foul Ball, location: 2F
3-2: Fly out, F7 (Line Drive, 7, EV 84.4 MPH)
Batting: RHB Roscoe Carroll 0-0: Ball
Bernard Minser is caught stealing 2nd base 2-4
Bottom of the 7th over - 1 run, 1 hit, 0 errors, 0 left on base; Texas 5 - Oklahoma State 13
TOP OF THE 8TH
Texas Longhorns batting - Pitching for Oklahoma State Cowboys : RHP Johnny Domingue
Batting: RHB Eli Francis 0-0: Ball
1-0: Ball
2-0: Ball
3-0: Called Strike
3-1: Foul Ball, location: 2F
3-2: SINGLE (Line Drive, 78M, EV 98.8 MPH)
Batting: LHB Grant Weaver 0-0: Grounds into double play, 1-6-3 (Groundball, 13, EV 66.2 MPH)
Batting: RHB Mason Smith 0-0: Called Strike
0-1: Ball
1-1: Ball
2-1: Swinging Strike
2-2: Ball
3-2: Strikes out swinging
Top of the 8th over - 0 runs, 1 hit, 0 errors, 0 left on base; Texas 5 - Oklahoma State 13
BOTTOM OF THE 8TH
Oklahoma State Cowboys batting - Pitching for Texas Longhorns : RHP Seneca Pao
Batting: RHB Roscoe Carroll 0-0: Ball
1-0: Foul Ball, location: 2F
1-1: Ground out 5-3 (Groundball, 56S, EV 90.6 MPH)
Batting: LHB Hunter Gehringer 0-0: Called Strike
0-1: Called Strike
0-2: Ball
1-2: Ball
2-2: Ground out 4-3 (Groundball, 4D, EV 106.2 MPH)
Pinch Hitting: RHB Ricky Larson 0-0: Swinging Strike
0-1: Ball
1-1: Ball
2-1: Ball
3-1: Called Strike
3-2: Strikes out swinging
Bottom of the 8th over - 0 runs, 0 hits, 0 errors, 0 left on base; Texas 5 - Oklahoma State 13
TOP OF THE 9TH
Texas Longhorns batting - Pitching for Oklahoma State Cowboys : RHP Johnny Domingue
Now at 1B: Julian Thrash
Batting: LHB Moe Waybright 0-0: Ball
1-0: Ball
2-0: SINGLE (Groundball, 6D, EV 100.6 MPH)
Pitching: LHP Myron Marmion
Batting: RHB Kyle Joaquim 0-0: Ball
1-0: Grounds into double play, 5-4-3 (Groundball, 56S, EV 84.4 MPH)
Batting: RHB Jim Hamling 0-0: Ball
1-0: SINGLE (Groundball, 6MD, EV 101.2 MPH)
Batting: LHB Trevon Morgan 0-0: Ball
1-0: Called Strike
1-1: Foul Ball, location: 2F
1-2: Ball
2-2: Foul Ball, location: 2F
2-2: Foul Ball, location: 2F
2-2: Foul Ball, location: 2F
2-2: Foul Ball, location: 2F
2-2: Foul Ball, location: 2F
2-2: Ball
3-2: Fly out, F7 (Flyball, 7, EV 87.5 MPH)
Top of the 9th over - 0 runs, 2 hits, 0 errors, 1 left on base; Texas 5 - Oklahoma State 13
Saturday, April 27th , 2024 - OOTP Baseball 23.10 Build 110